 Dungeon Crawl Stone Soup version 0.20-a0-1116-gaa52201 (webtiles) character file.

633 MirrMurr the Poker (level 7, -3/58 HPs)
             Began as a Gnoll Skald on May 8, 2017.
             Slain by an orc priest
             ... wielding a cursed +0 flail
              (5 damage)
             ... on level 5 of the Dungeon on May 9, 2017.
             The game lasted 00:15:43 (4752 turns).

MirrMurr the Poker (Gnoll Skald)                    Turns: 4752, Time: 00:15:43

Health: -3/58      AC:  7    Str: 11    XL:     7   Next: 49%
Magic:  3/12       EV: 14    Int: 15    God:
Gold:   315        SH:  4    Dex: 13    Spells: 4/13 levels left

rFire    . . .     SeeInvis .   a - +0 spear
rCold    . . .     Gourm    +   A - +0 buckler
rNeg     . . .     Faith    .   t - +0 leather armour
rPois    .         Spirit   .   k - +2 helmet
rElec    .         Reflect  .   (no cloak)
rCorr    .         Harm     .   (no gloves)
MR       .....                  i - +0 pair of boots
Stlth    +++.......             D - amulet of the gourmand
Regen    0.2/turn               (no ring)
MPRegen  0.2/turn               (no ring)

@: very slightly contaminated
A: short attention span, fangs 1, strong nose
a: no special abilities


You were on level 5 of the Dungeon.
You were hungry.

You visited 2 branches of the dungeon, and saw 7 of its levels.

You collected 315 gold pieces.

Inventory:

Hand Weapons
 a - a +0 spear (weapon)
 b - a +0 hunting sling
 o - a +1 dagger of speed
Missiles
 c - 5 curare-tipped needles
 e - 233 stones (quivered)
 r - 32 sling bullets
 y - 40 poisoned needles
Armour
 i - a +0 pair of boots (worn)
 k - a +2 helmet (worn)
 t - a +0 leather armour (worn)
 A - a +0 buckler (worn)
Jewellery
 s - an uncursed amulet of faith
 D - an amulet of the gourmand (around neck)
Wands
 n - a wand of random effects (32/48)
 x - a wand of paralysis (20/24)
Scrolls
 f - 2 scrolls of teleportation
 g - a scroll of remove curse
 q - a scroll of amnesia
Potions
 h - a potion of invisibility {unknown}
 j - 5 potions of cancellation
 l - a potion of flight {unknown}
 m - a potion of resistance {unknown}
 u - 2 potions of curing {unknown}
 v - a potion of lignification {unknown}
 z - 3 potions of mutation
 C - 2 potions of brilliance
Books
 w - a book of Maledictions

   Spells                             Type                      Level
   a - Corona                         Hexes                        1
   b - Ensorcelled Hibernation        Hexes/Ice                    2
   c - Confuse                        Hexes                        3
   d - Tukima's Dance                 Hexes                        3
   e - Dazzling Spray                 Conjuration/Hexes            3
Comestibles
 d - 4 bread rations
 B - 2 meat rations


   Skills:
 + Level 6.1 Fighting
 * Level 7.5 Polearms
 - Level 1.7 Armour
 + Level 6.0 Dodging
 + Level 5.1 Stealth
 + Level 2.1 Shields
 - Level 3.6 Spellcasting
 - Level 4.8 Charms


You had 4 spell levels left.
You knew the following spells:

 Your Spells              Type           Power        Failure   Level  Hunger
a - Spectral Weapon       Hex/Chrm       ##......     34%         3    ###....
b - Song of Slaying       Chrm           ###.....     6%          2    ##.....
c - Infusion              Chrm           ###.         4%          1    None
g - Regeneration          Chrm/Necr      ##........   34%         3    ###....


Dungeon Overview and Level Annotations

Branches:
Dungeon (6/15)             Temple (1/1) D:4

Altars:
Ashenzari
Cheibriados
Dithmenos
Elyvilon
Fedhas
Hepliaklqana
Kikubaaqudgha
Qazlal
Ru
Trog
Uskayaw
Yredelemnul

Annotations:
D:5 Prince Ribbit


Innate Abilities, Weirdness & Mutations

You have a short attention span.
You have very sharp teeth.
Your uncanny sense of smell can sniff out nearby items.


Message History

Confirm with . or Enter, or press ? or * to list all spells.
You miscast Infusion.
You are very lightly contaminated with residual magic.
Nothing appears to happen.
The orc priest invokes the aid of Beogh against you.
Beogh smites you!
* * * LOW HITPOINT WARNING * * *
You hit the orc priest.
The orc priest is heavily wounded.
The orc priest casts a cantrip, but nothing happens.
You hit the orc priest.
The orc priest is heavily wounded.
You block the orc priest's attack.
You closely miss the orc priest.
The orc priest is heavily wounded.
Unknown command.
You completely miss the orc priest.
The orc priest is heavily wounded.
The orc priest hits you with a flail.
You die...

# ######## # #......# # ######
#......# ######### #....#
#......#
........#####....######......####
...............o@..F......>......
#######.#####....######......####
#.# ###### #......#
###.########## ########
#............# #####....#######.#
...##....# #.#
...##....#######.################
..........................[......


You could see Prince Ribbit and an orc priest.

Vanquished Creatures
  2 phantoms
  An ogre (D:5)
  A centaur (D:5)
  A scorpion (D:5)
  A jelly (D:5)
  A bullfrog skeleton (D:5)
  An iguana (D:4)
  A worker ant (D:5)
  3 gnolls (D:3)
  6 adders
  2 worms (D:2)
  3 dart slugs
  2 orcs
  4 bats
  A giant cockroach (D:1)
  4 goblins
  7 hobgoblins
  4 jackals
  4 kobolds
  A quokka (D:4)
  2 ball pythons
  2 frilled lizards
  A jackal skeleton (D:4)
  A quokka skeleton (D:4)
  6 rats
62 creatures vanquished.

Vanquished Creatures (others)
  5 spectral weapons
5 creatures vanquished.

Grand Total: 67 creatures vanquished

Notes
Turn   | Place    | Note
-------+----------+-------------------------------------------
     0 | D:1      | MirrMurr the Gnoll Skald began the quest for the Orb.
     0 | D:1      | Reached XP level 1. HP: 18/18 MP: 5/5
   274 | D:1      | Reached XP level 2. HP: 25/25 MP: 6/6
   278 | D:1      | Learned a level 2 spell: Song of Slaying
   301 | D:1      | Reached skill level 1 in Stealth
   447 | D:1      | Reached skill level 4 in Polearms
   766 | D:2      | Reached XP level 3. HP: 30/30 MP: 5/8
   771 | D:2      | Learned a level 3 spell: Spectral Weapon
  1209 | D:2      | Reached XP level 4. HP: 38/38 MP: 9/9
  1214 | D:2      | Learned a level 3 spell: Regeneration
  1264 | D:2      | Reached skill level 5 in Polearms
  1595 | D:3      | Found a snail-covered altar of Cheibriados.
  2464 | D:4      | Reached XP level 5. HP: 43/43 MP: 10/10
  2466 | D:4      | Noticed a phantom
  2717 | D:3      | Killed a phantom
  2717 | D:3      | Reached skill level 5 in Fighting
  2717 | D:3      | Reached skill level 6 in Polearms
  2717 | D:3      | Reached skill level 5 in Dodging
  2980 | D:4      | Reached XP level 6. HP: 51/51 MP: 2/11
  3233 | D:4      | Found a staircase to the Ecumenical Temple.
  3237 | D:4      | Noticed a phantom
  3267 | D:4      | Killed a phantom
  3272 | Temple   | Entered the Ecumenical Temple
  3423 | D:4      | Found a white marble altar of Elyvilon.
  3509 | D:4      | Found a basalt altar of Yredelemnul.
  3601 | D:5      | Entered Level 5 of the Dungeon
  3621 | D:5      | Reached skill level 7 in Polearms
  3697 | D:5      | Reached skill level 1 in Shields
  3697 | D:5      | Reached XP level 7. HP: 45/57 MP: 5/12
  4221 | D:5      | Reached skill level 5 in Stealth
  4708 | D:6      | Noticed Prince Ribbit
  4748 | D:5      | HP: 1/58 [orc priest/divine providence (11)]
  4752 | D:5      | Slain by an orc priest

Vault maps used:
D:1:      dpeg_arrival_boxes_within_box
D:2:      first_bread, serial_bayou_crossing
D:3:      cheibriados_altar_1, nicolae_overflow_hidden_temple, kennysheep_potato
D:4:      kennysheep_ying_yang, minmay_temple_entry_grid
D:5:      minmay_misc_feat_more_columns
D:6:      chequers_temple_overflow_minitemple, tgw_xom,
          makhleb_heckhound_becter, uniq_prince_ribbit1
Temple:   dpeg_three_leaves_temple

Skill      XL: |  1  2  3  4  5  6  7 |
---------------+----------------------+-----
Stealth        | 1 2 3 4 5 |  5.1
Fighting       | 4 5 6 |  6.1
Polearms       | 4 5 6 7 |  7.5
Dodging        | 4 5 6 |  6.0
Shields        | 1 2 |  2.1
Armour         | |  1.7
Spellcasting   | |  3.6
Charms         | |  4.8

Action                   |  1- 3 |  4- 6 |  7- 9 || total
-------------------------+-------+-------+-------++-------
Melee: Spear             |    97 |   171 |    40 ||   308
       Bite              |     2 |    10 |     3 ||    15
 Fire: Hunting sling     |       |    10 |       ||    10
Throw: Stone             |    24 |       |       ||    24
 Cast: Infusion          |     2 |    12 |     3 ||    17
       Spectral Weapon   |     2 |    10 |     9 ||    21
  Use: Scroll            |       |     8 |     5 ||    13
 Stab: Sleeping          |     1 |     2 |     1 ||     4
  Eat: Chunk             |     1 |     6 |     3 ||    10
       Royal jelly       |       |     1 |     1 ||     2
Armor: Leather armour    |    11 |    36 |     3 ||    50
Dodge: Dodged            |    22 |    84 |     9 ||   115
Block: Buckler           |       |     1 |     5 ||     6
